 Dungeon Crawl Stone Soup version 0.26-a0-478-g6c97825307 (webtiles) character file.

Game seed: 7310423119708388751

8345 Infinimo the Carver (level 11, 0/130 HPs)
             Began as a Demonspawn Fighter on Aug 1, 2020.
             Was a High Priest of Okawaru.
             Killed from afar by Erica (3 damage)
             ... with a bolt of poison
             ... on level 11 of the Dungeon.
             The game lasted 00:13:07 (12170 turns).

Infinimo the Carver (Demonspawn Fighter)           Turns: 12170, Time: 00:13:07

Health: 0/130      AC: 25    Str: 19    XL:     11   Next: 8%
Magic:  11/11      EV:  2    Int: 10    God:    Okawaru [*****.]
Gold:   444        SH: 16    Dex: 13    Spells: 10/10 levels left

rFire    . . .     SeeInvis .   a - +1 long sword
rCold    + . .     Faith    .   c - +0 kite shield
rNeg     + + +     Spirit   .   (armour currently unavailable)
rPois    +         Reflect  +   (helmet currently unavailable)
rElec    .         Harm     .   (cloak currently unavailable)
rCorr    .         NoTele   +   (gloves currently unavailable)
MR       .....                  (boots currently unavailable)
Stlth    +.........             o - amulet of reflection
HPRegen  0.31/turn              b - ring of protection from cold
MPRegen  0.12/turn              (no ring)

@: lethally poisoned (0 -> -9), tree-form (expiring), marked, berserk cooldown,
slowed, very slow
A: foul stench 1, rot immunity
a: Heroism, Finesse, Renounce Religion


You were on level 11 of the Dungeon.
You worshipped Okawaru.
Okawaru was extremely pleased with you.
You were a tree.
You visited 1 branch of the dungeon, and saw 11 of its levels.
You also visited: Ossuary and Bailey.

You collected 654 gold pieces.
You spent 210 gold pieces at shops.

Inventory:

Hand Weapons
 a - a +1 long sword (weapon)
 v - the +10 zealot's sword {holy, *Rage rN+ EV+3}
   (You found it in a bailey)

   It has been blessed by the Shining One to cause great damage to the undead
   and demons.
   It affects your evasion (+3).
   It protects you from negative energy.
   It may make you go berserk in combat.
Armour
 c - a +0 kite shield (worn)
 i - a +2 pair of gloves of strength (melded)
 k - a scarf of resistance (melded)
 m - the +7 gold dragon scales of the Lion (melded) {+Blink rPois rF+ rC+ rN++ MR- Regen+}
   (You found it in a bailey)

   It protects you from fire.
   It protects you from cold.
   It protects you from poison.
   It greatly protects you from negative energy.
   It affects your resistance to hostile enchantments.
   It lets you blink.
   It increases your rate of regeneration.
Jewellery
 b - a ring of protection from cold (left branch)
 o - an amulet of reflection (around neck)
 y - an uncursed ring of fire
Wands
 r - a wand of iceblast (11)
Scrolls
 d - 4 scrolls of teleportation
 e - 5 scrolls of identify
 f - 6 scrolls of remove curse
 g - 4 scrolls of enchant armour
 h - a scroll of fear
 l - a scroll of blinking
 t - 2 scrolls of enchant weapon
Potions
 j - 4 potions of stabbing
 n - 2 potions of invisibility
 p - a potion of brilliance
 q - a potion of lignification
 u - 2 potions of mutation
 w - a potion of curing
 x - 9 potions of ambrosia


   Skills:
 + Level 8.3 Fighting
 * Level 10.1 Long Blades
 + Level 7.6 Armour
 + Level 7.6 Shields


You had 10 spell levels left.
You didn't know any spells.
Your spell library contained the following spells:

 Spells                   Type           Power        Failure   Level
 Shock                    Conj/Air       #...         67%         1
 Swiftness                Air            #.......     82%         2
 Static Discharge         Conj/Air       #.......     96%         3
 Airstrike                Air            #.........   100%        4
 Lightning Bolt           Conj/Air       #.........   100%        5


Dungeon Overview and Level Annotations

Branches:
Dungeon (11/15)            Temple (0/1) D:5            Lair (0/6) D:8
    Orc (0/2) D:10        Ossuary (visited)          Bailey (visited)

Altars:
Ashenzari
Gozag
Kikubaaqudgha
Okawaru
Qazlal
Ru
Uskayaw

Shops:
D:9 [

Annotations:
D:11 Erica


Innate Abilities, Weirdness & Mutations

((You have a pair of small horns on your head.))
((You are mostly covered in slimy green scales. (AC +3)))
((Your flesh is cold resistant. (rC+)))
You may emit foul miasma when damaged in melee.
You are immune to rotting.


Message History

The orc dies!
You slash something!
You feel sick. You block something's attack. You block the orc's attack.
The orc looks sick.
You feel sick. You block the orc's attack.
You slash something! The orc hits you with a +0 mace.
* * * LOW HITPOINT WARNING * * *
You slash something!
You are no longer berserk.
You are exhausted.
You feel yourself slow down.
* * * LOW HITPOINT WARNING * * *
You feel sick.
You hear some strange, mumbled words.
A puff of flame appears from out of thin air!
The puff of flame hits you.
* * * LOW HITPOINT WARNING * * *
You hear some strange, mumbled words.
A bolt of poison appears from out of thin air!
The bolt of poison hits you. You resist.
You die...

#### ### (.. (. #.> .#
#..############.#
####.(.(...........#####
......o{o..........<....
#.({♣(...............
#..o)).............##
##..$.(...............
........)........<......
........................
#..................#####
#........?.........#
.....................
######################


You could see 3 orcs.

Vanquished Creatures
  Harold (D:11)
  A two-headed ogre (D:9)
  Maurice (D:9)
  A queen bee (D:10)
  A hippogriff (D:9)
  Sigmund (D:3)
  Menkaure (Ossuary)
  Edmund (D:5)
  10 orc warriors
  3 phantoms
  3 sky beasts
  A necrophage (D:11)
  6 ogres
  2 centaurs
  2 big kobolds
  5 bullfrogs
  27 killer bees
  5 wights (D:9)
  3 jellies
  3 howler monkeys
  A bullfrog zombie (D:8)
  5 orc priests
  6 hounds
  6 orc wizards
  A quasit (D:9)
  3 bullfrog skeletons
  2 centaur skeletons
  5 iguanas
  A killer bee zombie (D:8)
  9 worker ants
  3 mummies (Ossuary)
  2 howler monkey zombies (D:6)
  3 worker ant zombies
  17 gnolls
  9 adders
  2 shadow imps (D:6)
  A white imp (D:8)
  An ufetubus (D:7)
  3 dart slugs
  2 leopard geckos
  52 orcs
  7 giant cockroaches
  3 goblins (D:3)
  5 hobgoblins
  16 jackals
  3 quokkas
  2 ball pythons
  A bat (D:1)
  4 frilled lizards
  8 gnoll skeletons (Ossuary)
  2 gnoll zombies (Ossuary)
  3 goblin skeletons (Ossuary)
  4 hobgoblin skeletons (Ossuary)
  6 hobgoblin zombies (Ossuary)
  12 kobolds
  5 kobold skeletons (Ossuary)
  5 kobold zombies (Ossuary)
  3 orc skeletons (Ossuary)
  6 orc zombies (Ossuary)
  A quokka zombie (D:6)
  3 rats
  2 rat skeletons (Ossuary)
  6 rat zombies (Ossuary)
319 creatures vanquished.

Vanquished Creatures (others)
  2 orcs (D:11)
  A kobold (D:11)
3 creatures vanquished.

Grand Total: 322 creatures vanquished

Notes
Turn   | Place    | Note
-------+----------+-------------------------------------------
     0 | D:1      | Infinimo the Demonspawn Fighter began the quest for the
                  | Orb.
     0 | D:1      | Reached XP level 1. HP: 18/18 MP: 1/1
   587 | D:1      | Reached skill level 2 in Long Blades
   769 | D:1      | Gained mutation: Your flesh is cold resistant. (rC+)
                  | [demonic ancestry]
   769 | D:1      | Reached XP level 2. HP: 19/24 MP: 2/2
  1184 | D:2      | Noticed a bullfrog
  1190 | D:2      | Killed a bullfrog
  1190 | D:2      | Reached XP level 3. HP: 10/29 MP: 3/3
  1190 | D:2      | Gained mutation: You are immune to rotting. [demonic
                  | ancestry]
  1190 | D:2      | Reached XP level 4. HP: 12/35 MP: 4/4
  1823 | D:2      | Noticed a fire elemental
  1824 | D:2      | Found a stormy altar of Qazlal.
  1830 | D:2      | Noticed a water elemental
  1838 | D:2      | Noticed an earth elemental
  1838 | D:2      | Noticed an air elemental
  2055 | D:3      | Reached skill level 3 in Long Blades
  2064 | D:3      | Found an iron altar of Okawaru.
  2142 | D:3      | Noticed Sigmund
  2158 | D:3      | Became a worshipper of Warmaster Okawaru
  2174 | D:3      | Killed Sigmund
  2174 | D:3      | Reached * piety under Okawaru
  2174 | D:3      | Reached XP level 5. HP: 17/42 MP: 5/5
  3212 | D:4      | Reached XP level 6. HP: 48/48 MP: 6/6
  3464 | D:4      | Reached skill level 4 in Long Blades
  3980 | D:5      | Entered Level 5 of the Dungeon
  4047 | D:5      | Found a staircase to the Ecumenical Temple.
  4218 | D:5      | Noticed Edmund
  4257 | D:5      | Killed Edmund
  4257 | D:5      | Gained mutation: You are partially covered in slimy green
                  | scales. (AC +2) [demonic ancestry]
  4257 | D:5      | Reached XP level 7. HP: 18/55 MP: 7/7
  4841 | D:5      | Found a shattered altar of Ashenzari.
  4844 | D:5      | Found an opulent altar of Gozag.
  4873 | D:5      | Found a hide-covered altar of Uskayaw.
  4886 | D:5      | Found a sacrificial altar of Ru.
  4889 | D:5      | Found an ancient bone altar of Kikubaaqudgha.
  4964 | D:6      | Reached ** piety under Okawaru
  4964 | D:6      | Reached skill level 5 in Long Blades
  5151 | D:6      | Found a sand-covered staircase.
  5160 | Ossuary  | Entered an ossuary
  5593 | Ossuary  | Noticed Menkaure
  5609 | Ossuary  | Killed Menkaure
  5609 | Ossuary  | Reached skill level 5 in Fighting
  5609 | Ossuary  | Gained mutation: You are mostly covered in slimy green
                  | scales. (AC +3) [demonic ancestry]
  5609 | Ossuary  | Reached XP level 8. HP: 14/62 MP: 8/8
  6212 | D:6      | Reached skill level 6 in Long Blades
  6628 | D:7      | Reached skill level 5 in Armour
  6649 | D:7      | Reached skill level 5 in Shields
  6927 | D:6      | Reached *** piety under Okawaru
  7617 | D:7      | Reached skill level 7 in Long Blades
  7617 | D:7      | Gained mutation: You may emit foul miasma when damaged in
                  | melee. [demonic ancestry]
  7617 | D:7      | Reached XP level 9. HP: 37/69 MP: 9/9
  8645 | D:8      | Found a flagged portal.
  8679 | D:8      | Reached **** piety under Okawaru
  8772 | Bailey   | Entered a bailey
  9371 | Bailey   | Found the +10 zealot's sword {holy, *Rage rN+ EV+3}
  9379 | Bailey   | Got crude gold dragon scales
  9393 | Bailey   | Identified the +7 gold dragon scales of the Lion {+Blink
                  | rPois rF+ rC+ rN++ MR- Regen+} (You found it in a bailey)
 10107 | D:8      | Found a staircase to the Lair.
 10174 | D:9      | Noticed Maurice
 10193 | D:9      | Reached skill level 8 in Long Blades
 10471 | D:9      | Noticed a two-headed ogre
 10481 | D:9      | Killed a two-headed ogre
 10481 | D:9      | Reached ***** piety under Okawaru
 10508 | D:9      | Found Ceos's Antique Armour Boutique.
 10547 | D:9      | Killed Maurice
 10547 | D:9      | Gained mutation: You have a pair of small horns on your
                  | head. [demonic ancestry]
 10547 | D:9      | Reached XP level 10. HP: 79/79 MP: 10/10
 10698 | D:9      | Reached skill level 9 in Long Blades
 10969 | D:9      | Bought a glowing cloak for 210 gold pieces
 11013 | D:10     | Entered Level 10 of the Dungeon
 11847 | D:10     | Received a gift from Okawaru
 11852 | D:10     | Got a shimmering scale mail {god gift}
 11853 | D:10     | Identified the +6 scale mail of Valiance {MR+ Str+5 Stlth+}
                  | (Okawaru gifted it to you on level 10 of the Dungeon)
 11973 | D:10     | Found a staircase to the Orcish Mines.
 12079 | D:11     | Noticed Harold
 12112 | D:11     | Killed Harold
 12112 | D:11     | Reached skill level 10 in Long Blades
 12112 | D:11     | Reached XP level 11. HP: 71/86 MP: 11/11
 12140 | D:11     | Noticed Erica
 12170 | D:11     | HP: 3/130 [something/puff of flame (6)]
 12170 | D:11     | Killed from afar by Erica

Illustrated notes

Levels and vault maps discovered:
D:1:      grunt_arrival_crossed_arrows, layout_basic
D:2:      layout_basic, nicolae_qazlal_style_of_elements, serial_glass,
          glass_columns_c, glass_columns_a
D:3:      layout_rooms, okawaru_gym_becter, uniq_sigmund
D:4:      layout_basic
D:5:      layout_rooms, minmay_overflow_temple_star_hex,
          minmay_temple_entry_trees, uniq_edmund
D:6:      layout_basic, enter_ossuary_1
D:7:      layout_cave_pools
D:8:      layout_gridville, lair_entry_dummy, enter_bailey_6
D:9:      layout_roguey, serial_shops, shop, chequers_serial_rivers_micro_c,
          uniq_maurice
D:10:     layout_roguey, hiddenorc2_lemuel, special_room [special_room_bee]
D:11:     layout_long_grid, serial_park_tiny_2, uniq_erica, uniq_snorg,
          uniq_harold

Skill      XL: |  1  2  3  4  5  6  7  8  9 10 |
---------------+-------------------------------+-----
Long Blades    | 2 3 4 5 7 8 10 | 10.1
Armour         | 3 4 5 6 7 |  7.6
Shields        | 3 4 5 6 7 |  7.6
Fighting       | 4 5 6 7 8 |  8.3

Action                   |  1- 3 |  4- 6 |  7- 9 | 10-12 || total
-------------------------+-------+-------+-------+-------++-------
Melee: Long sword        |    39 |   179 |   745 |   546 ||  1509
       Headbutt          |       |       |       |   110 ||   110
  Use: Scroll            |     3 |     6 |    12 |     3 ||    24
       Potion            |       |     7 |     9 |     1 ||    17
 Stab: Invisible         |       |     4 |     3 |       ||     7
Armor: Scale mail        |    13 |    64 |   219 |       ||   296
       Skin              |       |       |    20 |    46 ||    66
       Gold dragon scale |       |       |    98 |   363 ||   461
       Plate armour      |       |       |    21 |       ||    21
Dodge: Dodged            |     5 |    48 |   167 |    38 ||   258
Block: Kite shield       |    15 |    74 |   659 |   562 ||  1310
       Reflection        |       |       |    13 |    13 ||    26
       Rpst.: Long sword |       |    13 |    54 |    13 ||    80

Table legend: (Time is in decaauts)
 A = Elapsed time spent in this place.
 B = Non-inter-level travel time spent in this place.
 C = Inter-level travel time spent in this place.
 D = Time resting spent in this place.
 E = Time spent auto-exploring this place.
 F = Levels seen in this place.
 G = Mean time per level.
                   A        B        C        D        E       F      G
               +--------+--------+--------+--------+--------+-----+--------+
         Total |  12304 |  11833 |    471 |   1390 |   7846 |  13 |  946.5 |
       Dungeon |  10745 |  10274 |    471 |    825 |   7341 |  11 |  976.8 |
       Ossuary |    754 |    754 |      0 |    212 |    270 |   1 |  754.0 |
        Bailey |    804 |    804 |      0 |    353 |    235 |   1 |  804.0 |
               +--------+--------+--------+--------+--------+-----+--------+

Top non-repeatable levels by time:
     D:7: 1521 daAuts
     D:6: 1477 daAuts
     D:2: 1234 daAuts
     D:1: 1099 daAuts
    D:10: 1054 daAuts
     D:5: 968 daAuts
     D:4: 936 daAuts
     D:9: 857 daAuts
  Bailey: 804 daAuts
 Ossuary: 754 daAuts
     D:8: 752 daAuts
     D:3: 746 daAuts
    D:11: 96 daAuts
